 Dungeon Crawl Stone Soup version 0.25-a0-566-g062765be81 (webtiles) character file.

Game seed: 3934162221539484042, levelgen mode: deterministic

4 vurker the Gusty (level 1, -19/10 HPs)
             Began as a Tengu Air Elementalist on Feb 28, 2020.
             Was an Initiate of Vehumet.
             Demolished by an ogre
             ... wielding a +0 giant club
              (23 damage)
             ... on level 2 of the Dungeon.
             The game lasted 00:00:37 (262 turns).

vurker the Gusty (Tengu Air Elementalist)            Turns: 262, Time: 00:00:38

Health: -19/10     AC:  2    Str:  8    XL:     1   Next: 70%
Magic:  3/4        EV: 12    Int: 15    God:    Vehumet [......]
Gold:   71         SH:  0    Dex: 14    Spells: 3/4 levels left

rFire    . . .     SeeInvis .   (no weapon)
rCold    . . .     Gourm    .   (no shield)
rNeg     . . .     Faith    .   a - +0 robe
rPois    .         Spirit   .   (helmet restricted)
rElec    .         Reflect  .   (no cloak)
rCorr    .         Harm     .   (no gloves)
MR       .....                  (boots unavailable)
Stlth    ++........             (no amulet)
HPRegen  0.03/turn              (no ring)
MPRegen  0.09/turn              (no ring)

@: no status effects
A: beak, talons 3
a: Renounce Religion


You were on level 2 of the Dungeon.
You worshipped Vehumet.
Vehumet was noncommittal.
You were not hungry.

You visited 1 branch of the dungeon, and saw 2 of its levels.

You collected 71 gold pieces.

Inventory:

Armour
 a - a +0 robe (worn)
Jewellery
 b - an uncursed amulet of the gourmand {unknown}
   (You found it on level 1 of the Dungeon)
Scrolls
 c - a scroll of identify {unknown}
 f - a scroll of teleportation {unknown}
 h - a scroll of magic mapping {unknown}
 i - a scroll of noise {unknown}
Potions
 g - 2 potions of haste {unknown}
Comestibles
 d - 4 chunks of flesh
 e - a ration


   Skills:
 + Level 0.2 Fighting
 - Level 2.1 Dodging
 - Level 2.0 Stealth
 * Level 2.1 Spellcasting
 + Level 1.5 Conjurations
 * Level 4.1 Air Magic


You had 3 spell levels left.
You knew the following spells:

 Your Spells              Type           Power        Failure   Level  Hunger
a - Shock                 Conj/Air       ##..         7%          1    #......

Your spell library contained the following spells:

 Spells                   Type           Power        Failure   Level  Hunger
 Swiftness                Chrm/Air       #.......     14%         2    ###....
 Static Discharge         Conj/Air       ##......     21%         3    ###....
 Airstrike                Air            ##........   36%         4    #####..
 Lightning Bolt           Conj/Air       ##........   88%         5    ######.


Dungeon Overview and Level Annotations

Branches:
Dungeon (1/15)

Altars:
Vehumet
Zin


Innate Abilities, Weirdness & Mutations

You have a beak for a mouth.
You have claws for feet.


Message History

i - a scroll labeled XAOSEW MEUVO You now have 71 gold pieces (gained 9).
You open the door.
There is an open door here.
You fall into a shaft and drop 1 floor!
The shaft crumbles and collapses.
Found 17 stones, a dagger and 29 gold pieces. 2 rats and an ogre come into view.
Aim: an ogre, wielding a +0 giant club (resting)
The zap hits the ogre.
The ogre shouts!
You hear a shout!
Aim: an ogre, wielding a +0 giant club (lightly wounded)
The zap hits the ogre.
A kobold comes into view. It is wielding a +0 dagger.
The rat closely misses you.
A dart slug comes into view.
Found a hand axe.
Found a radiant altar of Vehumet.
Found a glowing silver altar of Zin.
A kobold comes into view. It is wielding a +0 dagger of venom.
Found a club.
The dart slug barely misses you.
A dart slug comes into view.
There is a radiant altar of Vehumet here.
You kneel at the altar of Vehumet.
Vehumet welcomes you! The rat bites you.
Aim: an ogre, wielding a +0 giant club (lightly wounded)
Okay, then.
An ooze comes into view.
The rat twitches its whiskers.
Found a club and a ring mail.
The zap hits the rat.
You kill the rat!
Vehumet accepts your kill.
The zap hits the ogre.
The zap misses the ogre.
The dart slug launches a dart at you. The slug dart hits you.
Found a scroll labeled CIUMIA XEUQ.
The teleport trap disappears.
The ooze disappears!
The dart slug launches a dart at you. The slug dart misses you.
The dart slug launches a dart at you. The slug dart misses you.
The dart slug launches a dart at you. The slug dart hits you.
* * * LOW HITPOINT WARNING * * *
Some of the chunks of flesh in your inventory have rotted away.
The ogre hits you with a +0 giant club!!
Ouch! That really hurt!
You die...

...##...).......).#
......._.......w..#
...#...8..........#
.####.._†.........#
.# #.......K.....#
.# #####.w.......#
.# #......r..# .
#......O..#
.[####...@## ##.
#.##.# .. #.##.# #.
..# #. .## #. #. ..


You could see an ogre, 2 dart slugs, a kobold and a rat.

Vanquished Creatures
  A bat (D:1)
  2 hobgoblins (D:1)
  A rat (D:2)
4 creatures vanquished.

Notes
Turn   | Place    | Note
-------+----------+-------------------------------------------
     0 | D:1      | vurker the Tengu Air Elementalist began the quest for the
                  | Orb.
     0 | D:1      | Reached XP level 1. HP: 10/10 MP: 4/4
   232 | D:1      | You fall into a shaft and drop 1 floor!
   233 | D:2      | Noticed an ogre
   242 | D:2      | Found a radiant altar of Vehumet.
   243 | D:2      | Found a glowing silver altar of Zin.
   250 | D:2      | Became a worshipper of Vehumet
   262 | D:2      | Demolished by an ogre

Levels and vault maps discovered:
D:1:      eino_arrival_druids_welcome, layout_basic, minmay_rat_gold_closets
D:2:      layout_basic, chequers_temple_overflow_statue_of_worship,
          minmay_misc_feat_doors, minmay_gold_behind_fungi

Action                   || total
-------------------------++-------
 Cast: Shock             ||    11
Dodge: Dodged            ||     5

Table legend:
 A = Non-vault XP
 B = Vault XP
 C = Vault XP percentage of total XP
 D = Non-vault monster count
 E = Vault monster count
 F = Vault count percentage of total count
                 A         B        C        D         E       F
            +---------+---------+-------+---------+---------+-------
      Total |       7 |       0 |   0.0 |       4 |       0 |   0.0
            +---------+---------+-------+---------+---------+-------
        D:1 |       6 |       0 |   0.0 |       3 |       0 |   0.0
        D:2 |       1 |       0 |   0.0 |       1 |       0 |   0.0
            +---------+---------+-------+---------+---------+-------
